 Dungeon Crawl Stone Soup version 0.19-a0-1626-g5215c36 (webtiles) character file.

34 jacquesderrida the Ruffian (level 3, 0/18 HPs)
             Began as a Vine Stalker Skald on Sept 18, 2016.
             Succumbed to an adder's poison
             ... on level 3 of the Dungeon.
             The game lasted 00:01:06 (282 turns).

jacquesderrida the Ruffian (Vine Stalker Skald)      Turns: 282, Time: 00:01:07

Health: 0/18       AC:  6    Str: 14    XL:     3   Next: 31%
Magic:  2/7        EV: 10    Int: 13    God:
Gold:   51         SH:  0    Dex: 13    Spells: 1 memorised, 5 levels left

rFire  . . .     SeeInvis .       - Unarmed
rCold  . . .     Gourm    .     g - +0 ring mail
rNeg   . . .     Faith    .     (no shield)
rPois  .         Spirit   +     (no helmet)
rElec  .         Dismiss  .     (no cloak)
rCorr  .         Reflect  .     (no gloves)
MR     .....     Harm     .     m - +0 pair of boots
Stlth  +.........               (no amulet)
                                (no ring)
                                (no ring)

@: lethally poisoned (0 -> -12), infused (expiring), very slightly contaminated
A: fangs 2, magic shield, antimagic bite, no device heal 3, rot immunity
a: no special abilities


You were on level 3 of the Dungeon.
You were not hungry.

You visited 1 branch of the dungeon, and saw 3 of its levels.

You collected 51 gold pieces.

Inventory:

Armour
 a - a +0 leather armour
 g - a +0 ring mail (worn)
 h - a +2 shield of reflection
 m - a +0 pair of boots (worn)
Scrolls
 d - a scroll of random uselessness {unknown}
 e - a scroll of identify {unknown}
 j - a scroll of remove curse {unknown}
 k - a scroll of recharging {unknown}
 l - a scroll of noise {unknown}
Potions
 i - a potion of degeneration {unknown}
Books
 b - a book of Battle

   Spells                             Type                      Level
   a - Infusion                       Charms                       1
   b - Shroud of Golubria             Charms/Translocation         2
   c - Song of Slaying                Charms                       2
   d - Spectral Weapon                Hexes/Charms                 3
   e - Regeneration                   Charms/Necromancy            3
Comestibles
 c - a bread ration
 f - 2 meat rations


   Skills:
 - Level 1.7 Fighting
 - Level 0.7 Armour
 - Level 0.7 Dodging
 + Level 3.6 Unarmed Combat
 - Level 2.1 Spellcasting
 - Level 3.0 Charms


You had 5 spell levels left.
You knew the following spells:

 Your Spells              Type           Power        Failure   Level  Hunger
a - Infusion              Chrm           #...         17%         1    ##.....


Dungeon Overview and Level Annotations

Branches:
Dungeon (3/15)

Altars:


Innate Abilities, Weirdness & Mutations

You have extremely sharp teeth.
When hurt, damage is shared between your health and your magic reserves.
Your bite disrupts and absorbs the magic of your enemies.
Potions and wands cannot restore your health.
You are immune to rotting.


Message History

You barely miss the adder. Your bite misses the adder.
The adder is moderately wounded.
You feel sick. The adder closely misses you.
Unknown command.
You miss the adder. You bite the adder. You drain its power.
You feel invigorated.
The adder is heavily wounded.
The dart slug launches a dart at you. The slug dart hits you!
* * * LOW HITPOINT WARNING * * *
The adder bites you.
* * * LOW HITPOINT WARNING * * *
You are more poisoned.
The adder poisons you!
You hit the adder!
You kill the adder!
* * * LOW HITPOINT WARNING * * *
You feel sick. The dart slug misses you.
Unknown command.
You die...

########
######...w..#####
........%@......#
#########.###.###.#
.......##.## .#
...........##.###
####.<#........
#......##.###
#......# .#
#......# .#
...............


You could see a dart slug.

Vanquished Creatures
  2 adders
  A ball python (D:2)
  5 goblins
  2 jackals (D:1)
  3 bats (D:2)
  A frilled lizard (D:3)
  2 rats (D:1)
16 creatures vanquished.

Notes
Turn   | Place    | Note
-------+----------+-------------------------------------------
     0 | D:1      | jacquesderrida the Vine Stalker Skald began the quest for the Orb.
     0 | D:1      | Reached XP level 1. HP: 11/11 MP: 4/4
    55 | D:1      | Reached XP level 2. HP: 15/15 MP: 1/6
   228 | D:2      | Reached XP level 3. HP: 11/18 MP: 7/7
   282 | D:3      | Succumbed to an adder's poison

Vault maps used:
D:1:      evilmike_arrival_hilbert_curve, hangedman_decor_push, minivault_25,
          minivault_23
D:3:      first_bread

Skill      XL: |  1  2 |
---------------+-------+-----
Unarmed Combat | 3 |  3.6
Fighting       | |  1.7
Armour         | |  0.7
Dodging        | |  0.7
Spellcasting   | |  2.1
Charms         | |  3.0

Action                   || total
-------------------------++-------
Melee: Unarmed           ||    56
       Bite              ||     8
 Cast: Infusion          ||     3
Armor: Leather armour    ||     1
       Ring mail         ||    19
Dodge: Dodged            ||    46
